 Dungeon Crawl Stone Soup version 0.30-a0-1157-g2cc9ac7196 (webtiles) character file.

Game seed: 15328427820100775290

802 jasper the Conjurer (level 7, 0/33 HPs)
             Began as a Spriggan Conjurer on Apr 24, 2023.
             Slain by a black bear (9 damage)
             ... on level 6 of the Dungeon.
             The game lasted 00:06:21 (5951 turns).

jasper the Conjurer (Spriggan Conjurer)             Turns: 5951, Time: 00:06:22

Health: 0/33       AC:  4    Str:  9    XL:     7   Next: 59%
Magic:  6/12       EV: 17    Int: 21    God:
Gold:   341        SH:  0    Dex: 14    Spells: 1/12 levels left

rFire   . . .        k - +1 dagger (venom)
rCold   + . .        (no shield)
rNeg    . . .        i - +2 robe of Negligence {Str+6}
rPois   .            (helmet restricted)
rElec   .            (no cloak)
rCorr   .            (gloves unavailable)
SInv    +            (boots unavailable)
Will    +....        (no amulet)
Stlth   +++          l - ring of protection from cold
HPRegen 0.25/turn    (no ring)
MPRegen 0.13/turn

%: no passive effects
@: very quick
A: very small, no large weapons, unfitting armour, see invisible, speed 3
a: no special abilities


You were on level 6 of the Dungeon.
You visited 1 branch of the dungeon, and saw 6 of its levels.

You collected 341 gold pieces.

Inventory:

Hand Weapons
 e - a +0 mace
 k - a +1 dagger of venom (weapon)
 m - a +2 short sword of holy wrath
Armour
 a - a +1 robe
 i - the +2 robe of Negligence (worn) {Str+6}
   (You found it on level 2 of the Dungeon)

   Str:       It affects your strength (+6).
Magical Staves
 f - a staff of air
Jewellery
 c - a ring of poison resistance
 l - a ring of protection from cold (left hand)
Scrolls
 d - 4 scrolls of teleportation
Potions
 b - a potion of magic
 g - 2 potions of heal wounds
 h - a potion of might
 j - a potion of lignification
 n - a potion of flight
 o - a potion of ambrosia
 p - a potion of mutation
 q - a potion of haste
 r - a potion of curing


   Skills:
 + Level 1.0 Fighting
 + Level 3.4 Dodging
 + Level 4.0 Stealth
 + Level 3.3 Spellcasting
 - Level 6.0 Conjurations
 * Level 3.8 Hexes
 * Level 2.5 Translocations


You had one spell level left.
You knew the following spells:

 Your Spells              Type           Power      Damage    Failure   Level
a - Magic Dart            Conj           100%       1d8       1%          1
b - Searing Ray           Conj           56%        2d6       1%          2
c - Fulminant Prism       Conj/Hex       12%        3d9       17%         4
d - Iskenderun's Mystic   Conj/Tloc      21%        2d6       22%         4

Your spell library contained the following spells:

 Spells                   Type           Power      Damage    Failure   Level
 Dazzling Flash           Conj/Hex       48%        N/A       5%          3
 Portal Projectile        Hex/Tloc       32%        N/A       11%         3
 Spider Form              Tmut/Pois      3%         N/A       36%         3
 Silence                  Hex/Air        5%         N/A       86%         5
 Agony                    Necr           3%         N/A       98%         5


Dungeon Overview and Level Annotations

Branches:
Dungeon (6/15)
 Temple: D:4-7

Altars:
Vehumet


Innate Abilities, Weirdness & Mutations

You are very small and have problems with some larger weapons.
You are too small for most types of armour.
You have supernaturally acute eyesight. (SInv)
You cover ground extremely quickly. (Speed+++)


Message History

Press: ? - help, Q - select action, (/) - cycle Shift-Dir - straight line, f - black bear
Aim: a black bear (asleep, 100% to hit)
The magic dart hits the black bear.
The black bear is lightly wounded.
The black bear growls angrily.
You now have 11/12 mp.
The howler monkey hoots and howls with incredible vigour!
You hear an angry hiss.
Casting: Magic Dart (safe; 1% risk of failure)
Confirm with . or Enter, or press ? or * to list all spells.
Aiming: Searing Ray (safe; 1% risk of failure)
Press: ? - help, Shift-Dir - straight line, f/p - black bear
Aim: a black bear (lightly wounded, 85% to hit)
The searing ray hits the black bear!
The black bear is heavily wounded. (Press . to maintain the ray.)
The howler monkey hoots and howls with incredible vigour!
You hear an angry hiss.
You now have 9/12 mp.
The searing ray hits the black bear.
The black bear is severely wounded.
The black bear goes berserk!
You now have 8/12 mp.
The searing ray hits the black bear.
The black bear is severely wounded.
The searing ray hits the howler monkey!
The howler monkey is severely wounded.
The black bear bites you! The black bear claws you. x2
You take 16 damage, and have 17/33 hp.
MASSIVE DAMAGE!!
You now have 7/12 mp.
The searing ray hits the black bear!
The black bear is almost dead.
The searing ray hits the howler monkey!
You kill the howler monkey!
You finish channelling your searing ray.
The black bear bites you!
* * * LOW HITPOINT WARNING * * *
The black bear barely misses you.
The black bear claws you but does no damage.
The black bear bites you!
You die...

###.#
...###..###...####.#
## ........#
##...##.## .....##
#.....## ##..##
##....#
##...#####....## .
#......#...###.##
... ##........###
##.#
.....##.........#
##.
.....†h@.....#..# ##
......##....(##.# #
....## ##....##..#
... ##...##..# ..
#....#... .
#......... .#....
#..


You could see a black bear (berserk).

Vanquished Creatures
  2 ogres
  2 phantoms
  3 howler monkeys
  A hound (D:4)
  2 jellies (D:4)
  A sleepcap (D:5)
  Jessica (D:3)
  An iguana (D:4)
  An orc wizard (D:6)
  3 gnolls (D:3)
  7 adders
  2 white imps
  2 worms
  4 dart slugs
  7 orcs
  12 ball pythons
  10 endoplasms
  2 giant cockroaches (D:2)
  6 goblins
  9 hobgoblins
  3 jackals (D:1)
  3 quokkas
  7 bats
  4 frilled lizards
  12 kobolds
  2 rats
109 creatures vanquished.

Notes
Turn   | Place    | Note
-------+----------+-------------------------------------------
     0 | D:1      | jasper the Spriggan Conjurer began the quest for the Orb.
     0 | D:1      | Reached XP level 1. HP: 9/9 MP: 5/5
    45 | D:1      | Got the Parchment of the Baleful Body
   147 | D:1      | Reached skill level 3 in Conjurations
   320 | D:1      | Reached XP level 2. HP: 13/13 MP: 3/6
   323 | D:1      | Learned a level 2 spell: Searing Ray
   763 | D:1      | Reached XP level 3. HP: 16/16 MP: 4/8
  1414 | D:2      | Identified the +2 robe of Negligence {Str+6}
  1528 | D:2      | Reached skill level 4 in Conjurations
  1930 | D:2      | Reached XP level 4. HP: 21/21 MP: 4/9
  2523 | D:3      | Reached XP level 5. HP: 14/24 MP: 0/10
  2528 | D:3      | Learned a level 4 spell: Fulminant Prism
  2943 | D:3      | Reached skill level 5 in Conjurations
  3130 | D:3      | Noticed Jessica
  3134 | D:3      | Killed Jessica
  3475 | D:4      | Reached XP level 6. HP: 28/28 MP: 1/11
  4294 | D:4      | Identified the amulet "Micsis" {Spirit -Cast rN+ Stlth+}
  4383 | D:5      | Entered Level 5 of the Dungeon
  4396 | D:5      | Reached skill level 6 in Conjurations
  4677 | D:5      | Reached XP level 7. HP: 29/32 MP: 1/12
  4682 | D:5      | Learned a level 4 spell: Iskenderun's Mystic Blast
  4857 | D:5      | Found a radiant altar of Vehumet.
  5470 | D:6      | Reached skill level 1 in Translocations
  5797 | D:6      | Reached skill level 1 in Fighting
  5951 | D:6      | Slain by a black bear

Illustrated notes

Levels and vault maps discovered:
D:1:      roderic_lyre, layout_loops_ring, st_stairs_2
D:2:      layout_rooms
D:3:      layout_loops_ring, uniq_jessica
D:4:      layout_basic
D:5:      layout_loops_ring, mainiacjoe_overflow_catwalk
D:6:      layout_layer_cave

Skill      XL: |  1  2  3  4  5  6  7 |
---------------+----------------------+-----
Conjurations   | 3 4 5 6 |  6.0
Hexes          | 2 3 |  3.8
Dodging        | 3 |  3.4
Spellcasting   | 3 |  3.3
Translocations | 2 |  2.5
Fighting       | 1 |  1.0
Stealth        | 4 |  4.0

Action                     |  1- 3 |  4- 6 |  7- 9 || total
---------------------------+-------+-------+-------++-------
  Melee: Mace              |    13 |       |       ||    13
         Dagger            |       |    47 |     4 ||    51
         Punch             |       |     1 |       ||     1
   Cast: Magic Dart        |    99 |    80 |    21 ||   200
         Searing Ray       |       |    19 |     8 ||    27
    Use: Scroll            |       |     9 |     4 ||    13
   Stab: Sleeping          |     1 |       |       ||     1
 Armour: Robe              |       |     7 |     3 ||    10
  Dodge: Dodged            |    22 |    43 |     8 ||    73

Table legend: (Time is in decaauts)
 A = Elapsed time spent in this place.
 B = Non-inter-level travel time spent in this place.
 C = Inter-level travel time spent in this place.
 D = Time resting spent in this place.
 E = Time spent auto-exploring this place.
 F = Levels seen in this place.
 G = Mean time per level.
                   A        B        C        D        E       F      G
               +--------+--------+--------+--------+--------+-----+--------+
         Total |   4737 |   4686 |     51 |    342 |   3759 |   6 |  789.5 |
       Dungeon |   4737 |   4686 |     51 |    342 |   3759 |   6 |  789.5 |
               +--------+--------+--------+--------+--------+-----+--------+

Top non-repeatable levels by time:
     D:1: 1108 daAuts
     D:3: 962 daAuts
     D:4: 760 daAuts
     D:5: 759 daAuts
     D:2: 671 daAuts
     D:6: 475 daAuts
